 Dungeon Crawl Stone Soup version 0.29-a0-613-gf2c431b9b9 (webtiles) character file.

Game seed: 6619849530050839894

79 zeratav the Stinger (level 4, 0/27 HPs)
             Began as an Octopode Venom Mage on June 17, 2022.
             Frozen to death by an endoplasm (3 damage)
             ... on level 2 of the Dungeon.
             The game lasted 00:01:50 (1701 turns).

zeratav the Stinger (Octopode Venom Mage)           Turns: 1701, Time: 00:01:50

Health: 0/27       AC:  1    Str:  7    XL:     4   Next: 37%
Magic:  4/7        EV: 13    Int: 19    God:
Gold:   62         SH:  0    Dex: 12    Spells: 7/8 levels left

rFire   . . .      SeeInvis .   d - +0 club {mace}
rCold   . . .      Faith    .   (no shield)
rNeg    . . .      Spirit   .   (helmet restricted)
rPois   .          Reflect  .   (no amulet)
rElec   .          Harm     .   (no ring)
rCorr   .          Rampage  .   (no ring)
Will    .....                   (no ring)
Stlth   ++........              (no ring)
HPRegen 0.09/turn               (no ring)
MPRegen 0.10/turn               (no ring)
                                (no ring)
                                (no ring)

@: confused
A: almost no armour, amphibious, 8 rings, camouflage 1, gelatinous body 1,
(nimble swimmer 1), tentacles
a: no special abilities


You were on level 2 of the Dungeon.
You visited 1 branch of the dungeon, and saw 2 of its levels.

You collected 62 gold pieces.


Innate Abilities, Weirdness & Mutations

You cannot wear most types of armour.
You are amphibious.
You can wear up to eight rings at the same time.
Your skin changes colour to match your surroundings (Stealth+).
Your rubbery body absorbs attacks. (AC +1, EV +1)
((You are camouflaged when in or above water. (Stealth+)))
You have tentacles for arms and can constrict up to eight enemies at once.


   Skills:
 - Level 2.0 Dodging
 * Level 4.5 Stealth
 + Level 2.5 Spellcasting
 - Level 1.0 Transmutations
 * Level 4.7 Poison Magic


You had 7 spell levels left.
You knew the following spells:

 Your Spells              Type           Power      Damage    Failure   Level
a - Sting                 Tmut/Pois      52%        1d5       4%          1

Your spell library contained the following spells:

 Spells                   Type           Power      Damage    Failure   Level
 Poisonous Vapours        Pois/Air       22%        N/A       9%          2
 Olgreb's Toxic Radiance  Pois           20%        N/A       22%         4
 Mephitic Cloud           Conj/Pois/Air  8%         N/A       26%         3
 Stone Arrow              Conj/Erth      4%         3d7       43%         3
 Lehudib's Crystal Spear  Conj/Erth      1%         10d2      100%        8
 Animate Armour           Summ/Erth      Unusable   N/A       N/A         4

Inventory:

Hand Weapons
 d - a +0 club (weapon) {mace}
   (You took it off a kobold on level 1 of the Dungeon)
Scrolls
 c - a scroll of amnesia {unknown}
 e - 4 scrolls of teleportation {unknown}
 f - a scroll of poison {unknown}
Potions
 a - a potion of magic
 b - a potion of haste {unknown}

Dungeon Overview and Level Annotations

Branches:
Dungeon (2/15) Zot: 10287

Altars:

##♣♣♣♣♣♣♣♣#
#≈♣≈≈♣≈PPP≈
###♣PP≈≈≈PP≈≈♣P##
##....≈≈.≈≈≈≈≈P♣P♣
#.....).......≈≈≈≈
.......J@..........
.≈♣≈≈P..≈.....≈....
≈≈≈P≈≈≈≈)≈♣≈..≈≈≈..
≈≈≈≈P≈≈≈≈P≈≈)≈≈≈♣..
≈≈≈≈≈≈≈≈≈≈≈≈≈≈P≈.#
#≈♣≈≈≈≈≈≈≈≈≈≈≈≈.##
###♣♣♣P≈≈P≈≈≈≈♣##
##♣≈≈♣P≈≈♣# #
#≈♣♣♣P♣.##


You could see an endoplasm.


Message History

You kill the orc!
You hear a splash.
Casting: Sting (safe; 5% risk of failure)
Confirm with . or Enter, or press ? or * to list all spells.
Aiming: Sting (safe; 5% risk of failure)
Press: ? - help, Shift-Dir - straight line, f - orc
Aim: an orc, wielding a +0 mace (71% to hit)
The sting hits the orc.
The orc is poisoned.
You kill the orc!
You hear a splash.
MP[-1]
You lost 1 mp, and now have 5/6 mp.
The helpless orc wizard fails to defend itself.
You hit the orc wizard but do no damage.
You grab the orc wizard.
You constrict the orc wizard, but do no damage.
The orc wizard splashes around in the water.
You hit the orc wizard. You squeeze the orc wizard!
You constrict the orc wizard, but do no damage.
The orc wizard splashes around in the water.
The orc wizard hits you with a +0 dagger.
HP[-1]
You take 1 damage, and now have 17/21 hp.
You hit the orc wizard. You constrict the orc wizard.
The orc wizard hits you with a +0 dagger.
HP[-2]
You take 2 damage, and now have 15/21 hp.
You hit the orc wizard. You squeeze the orc wizard.
You kill the orc wizard!
You hear a splash. x2
Your Stealth skill increases to level 4!
Things that are here:
a +0 dagger {short}; a +0 robe; an orc corpse MP[+1]
Your mp is fully restored (6).
HP[+1]
The helpless orc wizard fails to defend itself.
You hit the orc wizard. Your grab misses the orc wizard.
The endoplasm quivers.
The orc wizard points at you and mumbles some strange words.
You resist with significant effort. The orc wizard closely misses you.
Casting: Sting (safe; 5% risk of failure)
Confirm with . or Enter, or press ? or * to list all spells.
Aiming: Sting (safe; 5% risk of failure)
Press: ? - help, Shift-Dir - straight line, f - orc wizard
Aim: an orc wizard, wielding a +0 dagger and wearing a +0 robe (moderately wounded, 64% to hit)
The sting misses the orc wizard.
The orc wizard hits you with a +0 dagger.
HP[-4] MP[-1]
You take 4 damage, and now have 12/21 hp.
You lost 1 mp, and now have 5/6 mp.
Casting: Sting (safe; 5% risk of failure)
Confirm with . or Enter, or press ? or * to list all spells.
Aiming: Sting (safe; 5% risk of failure)
Press: ? - help, Shift-Dir - straight line, f/p - orc wizard
Aim: an orc wizard, wielding a +0 dagger and wearing a +0 robe (moderately wounded, 64% to hit)
The sting hits the orc wizard but does no damage.
The orc wizard is poisoned.
The orc wizard gestures at you while chanting.
The magic dart hits you.
* * * LOW HITPOINT WARNING * * *
HP[-6] MP[-1]
You take 6 damage, and now have 6/21 hp.
MASSIVE DAMAGE!! (PAUSE)
You lost 1 mp, and now have 4/6 mp.
Casting: Sting (safe; 5% risk of failure)
Confirm with . or Enter, or press ? or * to list all spells.
Aiming: Sting (safe; 5% risk of failure)
Press: ? - help, Shift-Dir - straight line, f/p - orc wizard
Aim: an orc wizard, wielding a +0 dagger and wearing a +0 robe (moderately wounded, poisoned, 64% to hit)
The sting hits the orc wizard.
The orc wizard looks even sicker.
The orc wizard misses you.
MP[-1]
You lost 1 mp, and now have 3/6 mp.
You hit the orc wizard but do no damage.
Your grab misses the orc wizard.
The orc wizard hits you but does no damage.
You hit the orc wizard. You grab the orc wizard. You squeeze the orc wizard.
You constrict the orc wizard, but do no damage.
The endoplasm hits you.
* * * LOW HITPOINT WARNING * * *
The orc wizard casts a spell at you.
You are confused.
HP[-2]
You take 2 damage, and now have 4/21 hp.
You hit the orc wizard.
You kill the orc wizard!
The endoplasm freezes you.
You are frozen.
* * * LOW HITPOINT WARNING * * *
The endoplasm barely misses you.
You have reached level 4!
HP[-1]
You now have 27 max hp (+6).
Things that are here:
a +0 dagger {short}; a +0 robe The endoplasm closely misses you.
The endoplasm freezes you.
You are frozen.
You die...

Skill      XL: |  1  2  3 |
---------------+----------+-----
Stealth        | 3 4 |  4.5
Poison Magic   | 4 |  4.7
Dodging        | |  2.0
Spellcasting   | |  2.5
Transmutations | |  1.0

Action                   |  1- 3 |  4- 6 || total
-------------------------+-------+-------++-------
Melee: Unarmed           |     7 |       ||     7
       Tentacles         |    18 |       ||    18
       Constrict         |    11 |       ||    11
       Club              |    38 |       ||    38
 Cast: Sting             |    33 |       ||    33
 Stab: Sleeping          |     3 |       ||     3
Armor: Skin              |     5 |       ||     5
Dodge: Dodged            |    28 |     1 ||    29

Levels and vault maps discovered:
D:1:      roderic_octagonal_star, layout_basic,
          shapermc_ecumenical_altar_starsandcircs, minmay_misc_feat_rows
D:2:      layout_rooms, serial_bayou, serial_bayou_lagoon_a,
          serial_bayou_lake_a, serial_bayou_ford_a, serial_bayou_crossing

Notes
Turn   | Place    | Note
-------+----------+-------------------------------------------
     0 | D:1      | zeratav the Octopode Venom Mage began the quest for the
                  | Orb.
     0 | D:1      | Reached XP level 1. HP: 11/11 MP: 3/3
     0 | D:1      | magus.rc [v1.9.6]
   342 | D:1      | Reached skill level 3 in Stealth
   348 | D:1      | Reached XP level 2. HP: 9/17 MP: 1/5
   528 | D:1      | Found a faded altar of an unknown god.
   614 | D:1      | Reached skill level 4 in Poison Magic
  1431 | D:2      | You pick up a book of Armaments and begin reading...
  1431 | D:2      | You add the spells Stone Arrow and Lehudib's Crystal Spear
                  | to your library.
  1510 | D:2      | Reached XP level 3. HP: 13/21 MP: 6/6
  1624 | D:2      | Identified the +0 cloak of Ru, Hurling {rPois}
  1689 | D:2      | Reached skill level 4 in Stealth
  1697 | D:2      | HP: 4/21 [endoplasm (2)]
  1699 | D:2      | Reached XP level 4. HP: 3/27 MP: 3/7
  1701 | D:2      | Frozen to death by an endoplasm

Vanquished Creatures
  2 orc wizards (D:2)
  2 orcs (D:2)
  3 bats
  3 endoplasms
  A giant cockroach (D:1)
  A goblin (D:1)
  4 hobgoblins (D:1)
  2 quokkas (D:1)
  2 ball pythons
  A frilled lizard (D:2)
  3 kobolds (D:1)
  3 rats
27 creatures vanquished.

Vanquished Creatures (others)
  15 plants (D:2)
15 creatures vanquished.

Grand Total: 42 creatures vanquished

Table legend:
 A = Non-vault XP
 B = Vault XP
 C = Vault XP percentage of total XP
 D = Non-vault monster count
 E = Vault monster count
 F = Vault count percentage of total count
                 A         B        C        D         E       F
            +---------+---------+-------+---------+---------+-------
      Total |     113 |       0 |   0.0 |      27 |       0 |   0.0
            +---------+---------+-------+---------+---------+-------
        D:1 |      29 |       0 |   0.0 |      18 |       0 |   0.0
        D:2 |      84 |       0 |   0.0 |       9 |       0 |   0.0
            +---------+---------+-------+---------+---------+-------

Illustrated notes

Table legend:
 A = Kills in this place as a percentage of kills in entire the game.
 B = Kills by you in this place as a percentage of kills by you in the entire game.
 C = Kills by friends in this place as a percentage of kills by friends in the entire game.
 D = Other kills in this place as a percentage of other kills in the entire game.
 E = Experience gained in this place as a percentage of experience gained in the entire game.
 F = Experience gained in this place divided by the number of levels of this place that you have seen.
                   A       B       C       D       E      F
               +-------+-------+-------+-------+-------+----------------------
         Total | 100.0 | 100.0 |   N/A |   N/A | 100.0 |  56.5
       Dungeon | 100.0 | 100.0 |   N/A |   N/A | 100.0 |  56.5
               +-------+-------+-------+-------+-------+----------------------

Table legend: (Time is in decaauts)
 A = Elapsed time spent in this place.
 B = Non-inter-level travel time spent in this place.
 C = Inter-level travel time spent in this place.
 D = Time resting spent in this place.
 E = Time spent auto-exploring this place.
 F = Levels seen in this place.
 G = Mean time per level.
                   A        B        C        D        E       F      G
               +--------+--------+--------+--------+--------+-----+--------+
         Total |   1711 |   1696 |     15 |    357 |   1142 |   2 |  855.5 |
       Dungeon |   1711 |   1696 |     15 |    357 |   1142 |   2 |  855.5 |
               +--------+--------+--------+--------+--------+-----+--------+

Top non-repeatable levels by time:
     D:1: 1375 daAuts
     D:2: 335 daAuts
